[Event "24th Hoogeschool Zeeland 2022"]
[Site "Vlissingen"]
[Date "2022.08.06"]
[Round "1.11"]
[White "Sai Kiran Y"]
[Black "Leenhouts, Koen"]
[Result "1-0"]
[ECO "A45"]
[WhiteElo "1887"]
[BlackElo "2442"]
[Annotator "TA"]
[PlyCount "123"]
[EventDate "2022.08.05"]
[EventType "swiss"]
[EventCountry "NED"]
[SourceTitle "playchess.com"]
[Source "ChessBase"]
[SourceQuality "1"]
[TimeControl "40/5400+30:1800+30"]

1. d4 Nf6 2. Bf4 g6 3. Nc3 d5 4. e3 Bg7 5. h4 h6 6. Nf3 {[%emt 0:02:23] A45: Trompowsky Attack.} c6 7. Ne5 Nfd7 {[%emt 0:03:58] [#]} 8. Bd3 $146 (8. Nd3 $11) ({Predecessor:} 8. h5 g5 9. Bg3 Nxe5 10. Bxe5 f6 11. Bg3 e5 12. f4 O-O 13. fxe5 fxe5 14. Bxe5 Bxe5 15. dxe5 {0-1 (44) Guichard,P (2407)-Amin,B (2699) chess24.com INT 2019}) 8... Nxe5 $15 9. Bxe5 Bxe5 10. dxe5 Qc7 11. f4 Qb6 12. Qd2 Bg4 13. Be2 Bxe2 (13... Qxb2 $2 14. Rb1 Qa3 15. Bxg4 $18) 14. Nxe2 Qxb2 15. O-O $1 Qb6 ({Better is} 15... Nd7 $11) 16. Rab1 Qc7 17. e6 {[%emt 0:01:43] Against Nd7} ({White should try} 17. c4 $14) 17... fxe6 $11 18. Nd4 (18. c4 $5) 18... Nd7 19. Nxe6 Qd6 20. f5 $36 {[%emt 0:05:45][%mdl 2048] White fights for an advantage.} Nb6 $2 ({Don't take} 20... gxf5 21. Ng7+ Kd8 22. Nxf5 $16 (22. Rxb7 e6 $11)) (20... b6 $11 {and Black is okay.}) 21. Qd4 $18 Rg8 {[%emt 0:13:51] [#]} 22. f6 Qxe6 $14 23. f7+ Kd7 24. fxg8=Q Rxg8 25. a4 Kc7 26. a5 {[%emt 0:11:20] White is more active.} Nc8 27. Qf4+ Nd6 28. Qxh6 Qe4 29. a6 b5 30. Qf4 Rh8 31. Rb4 Qxf4 32. Rbxf4 $11 {[%emt 0:02:37][%mdl 4096] Endgame KRR-KRN} Kb6 33. Rg4 (33. g3 $5 ) 33... Kxa6 34. Rxg6 Rxh4 35. Rf4 (35. Rg8 $1 $11) 35... Rh7 (35... Rh8 $17 {aiming for ...Kb6.} 36. Rg7 Kb6 37. Rxe7 a5) 36. g4 Kb6 37. g5 (37. Rg8 $5 ) 37... Rh3 38. Rg8 Rxe3 39. g6 Rg3+ 40. Kh2 Rg5 41. g7 {[%emt 0:34:22] Threatens to win with Rb8+.} Kc5 {[%emt 0:32:43] Strongly threatening ...e6.} 42. Kh3 Ne4 {[%emt 0:01:31] And now ...Rg6 would win.} 43. Rf7 $1 Rh5+ (43... Nd6 $1 $11 {keeps the balance.} 44. Rxe7 Nf5 45. Rxa7 Rg3+ 46. Kh2 Rg6) 44. Kg2 Rg5+ 45. Kf3 Rg3+ $2 {[%emt 0:00:00][%mdl 8192] Loses the game.} (45... Nd6 $16 {is more resistant.} 46. Rxe7 Nf5 47. Rxa7 Nd4+ 48. Kf2 (48. Kf4 Ne6+ 49. Ke3 b4 $16) 48... Ne6) 46. Kf4 $18 Rg1 {[%emt 0:00:00] ...Rf1+ is the strong threat.} 47. Rxe7 Rf1+ 48. Ke5 Ng3 49. Rh8 Rf5+ 50. Ke6 Rg5 51. g8=Q Rxg8 52. Rxg8 Ne2 53. Ke5 a5 54. Rc7 b4 55. Ra8 Kb5 56. Rb7+ Kc4 57. Rxa5 Nd4 58. Rc7 Nf3+ 59. Kd6 Nd4 60. Rxc6+ (60. Rc5# $142) 60... Nxc6 61. Kxc6 Kc3 62. Rc5+ {[%emt 0:00:10] Weighted Error Value: White=0.16 (very precise) /Black=0.41} 1-0

[Event "24th Hoogeschool Zeeland 2022"]
[Site "Vlissingen"]
[Date "2022.08.06"]
[Round "1.12"]
[White "Dhulipalla Bala Chandra Prasad"]
[Black "Van Dijkhuizen, Robbert"]
[Result "1-0"]
[ECO "D02"]
[WhiteElo "2423"]
[BlackElo "1869"]
[Annotator "TA"]
[PlyCount "55"]
[EventDate "2022.08.05"]
[EventType "swiss"]
[EventCountry "NED"]
[SourceTitle "playchess.com"]
[Source "ChessBase"]
[SourceQuality "1"]
[TimeControl "40/5400+30:1800+30"]

1. d4 Nf6 2. Nf3 e6 3. Bf4 d5 4. e3 Bd6 5. Nbd2 O-O 6. Bd3 {[%emt 0:00:06] D02: 1 d4 d5 2 Nf3 sidelines, including 2...Nf6 3 g3 and 2...Nf6 3 Bf4.} c5 7. dxc5 Bxf4 8. exf4 {[%emt 0:00:05] The position is equal.} Qc7 9. g3 Qxc5 10. O-O Nc6 11. c3 b6 12. Re1 Bb7 13. Nb3 Qd6 {[%emt 0:03:46] [#]} 14. Ne5 $146 ({Predecessor:} 14. Nbd4 Nxd4 15. Nxd4 Rac8 16. Qe2 Ne4 17. Rad1 Rfd8 18. f3 Nc5 19. Bb1 a5 20. h4 {0-1 (39) Tang,A (2512)-Murzin,V (2513) Chess.com INT 2021}) 14... Rfd8 15. Nxc6 Bxc6 16. Nd4 Bb7 17. Re3 {[%emt 0:00:38] White is more active.} Ne4 18. Qe2 Qc7 19. h4 a6 20. Re1 Re8 21. Kh2 ({Don't play} 21. Bxe4 $6 dxe4 22. Qg4 Qd8 $11) 21... Rad8 22. f3 Nc5 23. Bb1 Nd7 24. Kg2 Qc4 {[%emt 0:02:44] [#]} (24... b5 $142) 25. Qc2 $1 $16 g6 $2 (25... Nf8 $16) 26. h5 $18 Qc7 $2 (26... Qc8 27. hxg6 hxg6 28. Nxe6 d4) 27. hxg6 hxg6 {[%emt 0:00:14] [#]} 28. Rxe6 $1 {[%emt 0:05:01][%mdl 512] Weighted Error Value: White=0.02 (flawless) /Black=0.26 (precise)} 1-0

[Event "24th Hoogeschool Zeeland 2022"]
[Site "Vlissingen"]
[Date "2022.08.06"]
[Round "1.13"]
[White "Verheij, Dana"]
[Black "Van Delft, Merijn"]
[Result "0-1"]
[ECO "B22"]
[WhiteElo "1850"]
[BlackElo "2383"]
[Annotator "TA"]
[PlyCount "56"]
[EventDate "2022.08.05"]
[EventType "swiss"]
[EventCountry "NED"]
[SourceTitle "playchess.com"]
[Source "ChessBase"]
[SourceQuality "1"]
[TimeControl "40/5400+30:1800+30"]

1. e4 c5 2. c3 d5 3. exd5 Qxd5 4. d4 Nf6 5. Nf3 Nc6 6. dxc5 Qxd1+ 7. Kxd1 Bf5 {[%emt 0:01:32] B22: Sicilian: 2 c3.} 8. b4 {[%emt 0:05:41] [#]} ({White should try} 8. Bb5 $14) 8... Ng4 $146 {[%emt 0:23:08][%mdl 1024] Black has compensation.} (8... g6 $5 ) ({Predecessor:} 8... Bxb1 9. Rxb1 Ne4 10. Kc2 Nxf2 11. Rg1 e6 12. h3 Be7 13. Be3 Ne4 14. Bd3 Nf6 {0-1 (42) Simkunaite,G (1850)-Stasans,A (2039) Palanga 2019}) 9. Ke1 O-O-O {[%emt 0:02:54] The position is equal.} 10. Be2 g6 {[%emt 0:03:01][%cal Oc6b4] And now ...Nxb4! would win.} 11. h3 (11. Ng5 $11 Nge5 12. b5) 11... Nge5 $15 12. Nxe5 Nxe5 13. Be3 Nd3+ 14. Kf1 {[%emt 0:02:20] [#]} (14. Bxd3 $11 Rxd3 15. Ke2) 14... Bg7 (14... Nxb4 $1 $17 {[%mdl 512] ...Nc2 is the strong threat.} 15. cxb4 Bg7) 15. a3 a6 16. Bf3 (16. g3 $11) 16... Ne5 17. Be2 Nd3 18. Bf3 (18. g3 $11) 18... Kc7 19. g4 Bd7 20. Ra2 f5 {[%emt 0:06:57] White must now prevent ...f4.} 21. Bg5 (21. Rd2 $11 {feels stronger.}) 21... Bb5 ({Black should play} 21... Bf6 $15 22. Bxf6 exf6) 22. Kg2 (22. Be2 $1 $11) 22... Rd7 23. a4 Bc4 24. Ra3 e5 {[%emt 0:04:15] Black is more active.} 25. Nd2 {[%emt 0:00:22] [#]} Be6 26. Be2 {[%emt 0:03:00] [#]} (26. b5 $17 h6 27. c6) 26... h6 $1 $19 27. Be7 (27. Be3 f4 28. Ne4 fxe3 29. fxe3) 27... Nf4+ {[%emt 0:00:22][%mdl 64] Discovered Attack, Double Attack} 28. Kf3 Bd5+ {[%emt 0:00:36] Weighted Error Value: White=0.61/Black=0.19 (very precise)} 0-1

[Event "24th Hoogeschool Zeeland 2022"]
[Site "Vlissingen"]
[Date "2022.08.06"]
[Round "1.14"]
[White "Pham, Khoi"]
[Black "Welten, Hans"]
[Result "1-0"]
[ECO "B76"]
[WhiteElo "2317"]
[BlackElo "1844"]
[Annotator "RC"]
[PlyCount "79"]
[EventDate "2022.08.05"]
[EventType "swiss"]
[EventCountry "NED"]
[SourceTitle "playchess.com"]
[Source "ChessBase"]
[SourceQuality "1"]
[TimeControl "40/5400+30:1800+30"]

1. e4 c5 2. Nf3 d6 3. d4 cxd4 4. Nxd4 Nf6 5. Nc3 g6 6. Be3 Bg7 7. f3 Nc6 8. Qd2 O-O 9. O-O-O d5 10. exd5 Nxd5 11. Nxc6 bxc6 12. Bd4 e5 13. Bc5 Be6 14. Ne4 Re8 15. h4 h5 16. g4 Nf4 17. Qe1 Qb8 18. gxh5 Nxh5 19. b3 a5 20. Nd6 Rd8 21. Bc4 Bxc4 22. Nxc4 Rxd1+ 23. Qxd1 Qb5 24. Ba3 a4 25. Bb2 axb3 26. axb3 Nf4 27. Re1 Bh6 28. Rxe5 Nd3+ 29. Kb1 Nxe5 30. Nxe5 Qa5 31. c4 Qa2+ 32. Kc2 Rb8 33. Qd3 Bg7 34. f4 Bf6 35. Qe3 Rd8 36. h5 gxh5 37. Qg1+ Kh7 38. Qh2 h4 39. Qe2 Bxe5 40. Qxe5 1-0

[Event "24th Hoogeschool Zeeland 2022"]
[Site "Vlissingen"]
[Date "2022.08.06"]
[Round "1.15"]
[White "Niewenhuis, Ruud"]
[Black "Royal, Shreyas"]
[Result "0-1"]
[ECO "C56"]
[WhiteElo "1841"]
[BlackElo "2353"]
[Annotator "TA"]
[PlyCount "82"]
[EventDate "2022.08.05"]
[EventType "swiss"]
[EventCountry "NED"]
[SourceTitle "playchess.com"]
[Source "ChessBase"]
[SourceQuality "1"]
[TimeControl "40/5400+30:1800+30"]

1. e4 e5 2. Nf3 Nc6 3. d4 exd4 4. Bc4 Bc5 5. c3 Nf6 6. O-O Nxe4 7. cxd4 d5 8. dxc5 dxc4 9. Qxd8+ Kxd8 {[%emt 0:08:08] C56: Two Knights: 4 d4 exd4 5 0-0 Nxe4.} 10. Be3 Be6 11. Nd4 Nxd4 {[%emt 0:03:29] Black is slightly better.} 12. Bxd4 {[%emt 0:00:27] [#]} Ke7 $146 ({Predecessor:} 12... Kd7 13. Re1 Nf6 14. Na3 Kc6 15. Rac1 Rad8 16. Be3 Ng4 17. Bf4 Rd4 18. g3 h6 {½-½ (33) Engelbert,C (2240)-Neffe,A Germany 1994}) 13. Bxg7 (13. c6 $11) 13... Rhg8 $17 ({Don't take} 13... Nxc5 14. Bxh8 Rxh8 15. Nc3 $14) 14. Be5 Rac8 (14... c6 $17 15. Nc3 Nxc5) 15. c6 $15 bxc6 16. Re1 Nc5 17. Re2 Nd3 18. Bg3 Rb8 19. Bxc7 Rxb2 20. Rxb2 Nxb2 21. Be5 ({White should play} 21. Nc3 $15) 21... Nd3 $17 22. Bg3 f5 $1 {[%emt 0:03:36] Hoping for ...f4. 0x0.00168162b7a8dp-1022s more active pieces. The white rooks are badly placed.} 23. Nc3 Bd5 ({Better is} 23... f4 $17 24. Bh4+ Kd6) 24. Ne2 (24. Kf1 $1 $15) 24... Ke6 25. f3 f4 $1 26. Nxf4+ Nxf4 27. Bxf4 Bxf3 $1 {[%emt 0:00:05][%mdl 4096] Endgame KRB-KRB} 28. Kf2 Bxg2 29. Rg1 {[%emt 0:00:12] [#]} Kf5 $1 30. Be3 {[%emt 0:00:35] [#]} (30. Bc1 Bd5) 30... Ke4 ({Black should try} 30... Bd5 $1 $17 {aiming for ...Rxg1.} 31. Rxg8 Bxg8) 31. Bc1 $1 $11 Kd3 {[%emt 0:00:43] White must now prevent ...Bd5.} 32. Rxg2 Rxg2+ 33. Kxg2 {[%emt 0:00:25] KB-KP} Ke2 34. Bb2 $2 (34. Kg3 $11) 34... Kd2 $19 35. Bd4 {[%emt 0:00:30] [#]} a5 $1 {[%emt 0:02:05] ( -> ...c3)} (35... c3 $2 36. Bxa7 Ke2 37. Bb8 $18) 36. Kf2 c3 {[%emt 0:00:47] Black mates.} 37. a4 c2 38. Be3+ Kd1 39. Kf3 c1=Q 40. Bxc1 Kxc1 41. Ke3 Kc2 {[%emt 0:30:14] Weighted Error Value: White=0.57/Black=0.12 (very precise)} (41... Kb2 $142 42. Kd4 Kb3 43. Kc5 Kxa4 44. Kxc6 Kb3 45. Kd6 a4 46. h3 a3 47. Ke6 a2 48. Kd6 a1=Q 49. Ke6 Kc4 50. h4 Qe1+ 51. Kf5 Kd5 52. Kg5 Qe5+ 53. Kh6 Ke6 54. Kxh7 Kf7 55. Kh6 Qg7+ 56. Kh5 Qg6#) 0-1

[Event "24th Hoogeschool Zeeland 2022"]
[Site "Vlissingen"]
[Date "2022.08.06"]
[Round "1.16"]
[White "Seul, Georg"]
[Black "Boeren, Jurriaan"]
[Result "1-0"]
[ECO "C24"]
[WhiteElo "2367"]
[BlackElo "1845"]
[Annotator "TA"]
[PlyCount "59"]
[EventDate "2022.08.05"]
[EventType "swiss"]
[EventCountry "NED"]
[SourceTitle "playchess.com"]
[Source "ChessBase"]
[SourceQuality "1"]
[TimeControl "40/5400+30:1800+30"]

1. e4 e5 2. Bc4 Nf6 3. d3 c6 4. Nf3 Be7 5. O-O d6 6. Nbd2 O-O 7. Re1 {[%emt 0:02:44] C24: Bishop's Opening: 2...Nf6.} a5 8. a3 Nbd7 9. Ba2 {[%emt 0:00:53] The position is equal.} Nc5 {[%emt 0:04:43] [#]} 10. h3 $146 ({Predecessor:} 10. Nf1 Be6 11. Bb1 g6 12. h3 Re8 13. Ng5 Bd7 14. c3 d5 15. exd5 Nxd5 16. Nf3 {½-½ (24) Kadric,D (2543)-Nikcevic,N (2428) Biograd 2018}) 10... Be6 11. Bb1 h6 12. c3 Nh7 (12... a4 $11 {keeps the balance.}) 13. d4 $16 Nd7 14. Nf1 {[%emt 0:01:42] [#] d5 is the strong threat.} exd4 15. cxd4 {[%emt 0:00:49] Threatens to win with d5.} Nb6 {[%emt 0:04:02] Against d5} 16. Ng3 Ng5 (16... Re8 $14) 17. Nh2 {[%emt 0:16:21] Hoping for Qc2.} a4 18. Bc2 c5 (18... Nh7 $142) 19. d5 Bd7 20. Ng4 Nc4 {[%emt 0:06:32] Black cannot hold the game after this.} (20... Re8 $16) 21. f4 $18 Nh7 22. Qd3 Bxg4 23. e5 {[%emt 0:00:00][%csl Gc2][%cal Rd3h7] [#]} (23. Qxc4 Qa5 24. Be3 Bd7 $16) 23... g6 24. Qxc4 Bh4 25. Re3 (25. hxg4 Bxg3 26. Re3 Qh4 27. Rxg3 Qxg3 $17) 25... Bd7 (25... b5 $142 26. Qxb5 Bc8) 26. e6 (26. exd6 b5 27. Qe4 (27. Qxc5 $2 Rc8 $19) 27... f5 $15) 26... fxe6 27. dxe6 {[%emt 0:00:00][%cal Bd5e6,Be6e7][%mdl 32] aiming for e7+.} b5 28. Qd3 Be8 29. f5 g5 (29... Qe7 $142 30. fxg6 Ng5) 30. e7 {[%emt 0:05:00] Weighted Error Value: White=0.16 (very precise) /Black=0.42} 1-0

[Event "24th Hoogeschool Zeeland 2022"]
[Site "Vlissingen"]
[Date "2022.08.06"]
[Round "1.17"]
[White "Timmermans, Adri"]
[Black "Sorbe, Stephane"]
[Result "0-1"]
[ECO "B12"]
[WhiteElo "1840"]
[BlackElo "2352"]
[Annotator "TA"]
[PlyCount "64"]
[EventDate "2022.08.05"]
[EventType "swiss"]
[EventCountry "NED"]
[SourceTitle "playchess.com"]
[Source "ChessBase"]
[SourceQuality "1"]
[TimeControl "40/5400+30:1800+30"]

1. e4 c6 2. d4 d5 3. f3 e6 4. Bd3 dxe4 5. fxe4 Qxd4 6. Nf3 {[%emt 0:02:27] B12: Caro-Kann: Advance Variation.} Qb6 7. Nc3 {[%emt 0:02:28] [#]} Nd7 $146 ({Predecessor:} 7... Bb4 8. Bd2 Nd7 9. a3 Bxc3 10. Bxc3 Qe3+ 11. Be2 Ngf6 12. e5 Ng4 13. Bd4 Qh6 {0-1 (44) Johansen,S (1832)-Rewitz,P (2289) Helsingor 2018}) 8. Rb1 (8. e5 $15) 8... e5 9. Qe2 h6 10. Bd2 Ngf6 11. Na4 Qc7 12. O-O b5 13. Nc3 Nc5 14. b4 Nxd3 15. cxd3 a5 (15... Be6 $17 16. Rfc1 Rb8) 16. bxa5 Rxa5 17. Qe1 (17. Rfc1 $142 b4 18. Nd5 Nxd5 19. exd5 Rxd5 20. Qe4) 17... b4 $36 {[%emt 0:08:20][%mdl 2048] [#] And now ...Ba6 would win. Black is really pushing.} 18. Nd1 c5 ({And not} 18... Rxa2 19. Bxb4 c5 20. Bc3 $11) ({Black should try} 18... Ba6 $19 19. Nf2 c5) 19. Qg3 (19. Rc1 $17 {keeps fighting.}) 19... Be6 20. Qxe5 (20. Nb2 {is a better defense.}) 20... Bd6 $19 ({Wrong is} 20... Qxe5 $2 21. Nxe5 Rxa2 22. Nb2 $19) 21. Qb2 Rxa2 22. Qc1 Ng4 23. h3 Ne5 24. Nxe5 Bxe5 25. Bf4 $2 {[%emt 0:03:35] [#]} (25. Be3) 25... Bd4+ 26. Kh1 Qd7 27. Rf3 g5 28. Be3 g4 29. hxg4 Bxg4 30. Rf2 Ra3 ({Better is} 30... Rxf2 $19 31. Nxf2 Be6 32. Bxd4 Qxd4) 31. Qc4 $2 (31. Bxd4 $11 Qxd4 32. Qf4) 31... Be6 {[%emt 0:01:10] A strong pair of Bishops.} 32. Qc1 Rxd3 {[%emt 0:01:01] Weighted Error Value: White=0.60/Black=0.47} 0-1

[Event "24th Hoogeschool Zeeland 2022"]
[Site "Vlissingen"]
[Date "2022.08.06"]
[Round "1.18"]
[White "Klepke, Ricardo"]
[Black "Van Driel, Eric"]
[Result "1-0"]
[ECO "E00"]
[WhiteElo "2293"]
[BlackElo "1837"]
[Annotator "TA"]
[PlyCount "51"]
[EventDate "2022.08.05"]
[EventType "swiss"]
[EventCountry "NED"]
[SourceTitle "playchess.com"]
[Source "ChessBase"]
[SourceQuality "1"]
[TimeControl "40/5400+30:1800+30"]

1. d4 Nf6 2. c4 e6 3. g3 Bb4+ 4. Nd2 Nc6 5. Ngf3 Qe7 6. Bg2 {[%emt 0:01:13] E00: Catalan Bogo-Indian (3 g3 Bb4+).} O-O 7. Qc2 d6 8. O-O {[%emt 0:02:33] White is slightly better.} Bxd2 9. Bxd2 e5 10. d5 Nb8 {[%emt 0:02:01][%cal Bc6b8,Bb8a6,Ba6c5][%mdl 32] [#]} 11. Rac1 $146 {[%emt 0:12:37] White is more active.} ({Predecessor:} 11. e4 Nh5 12. Nh4 g6 13. b4 b6 14. Rac1 c5 15. bxc5 dxc5 16. Bc3 g5 17. Nf5 Bxf5 18. exf5 Qd6 19. Qe2 Ng7 20. Bxe5 Qd7 21. f6 Ne8 22. Be4 g4 23. Qe3 {1-0 (23) Suarez Garcia,C (2306)-Montoliu Cervero,F (2230) Salobrena 2012}) 11... a5 12. e4 b6 13. b3 Na6 14. Nh4 Nc5 15. Bc3 Ne8 (15... Bd7 $14) 16. f4 $16 f6 17. a3 ({Better is} 17. Nf5 $16 Qd8 18. Ne3) 17... g5 $14 18. fxg5 fxg5 19. Rxf8+ Qxf8 20. Nf3 Nf6 21. Rf1 {[%emt 0:07:10][%cal Of3e5] aiming for Nxe5!} ({Resist} 21. Nxg5 Qg7 $14) 21... Qg7 $2 {[%emt 0:02:09][%mdl 8192] [#] Loses the game.} (21... Ncxe4 $16 22. Bb2 Bd7 23. Nxe5 dxe5 24. Bxe4 Qc5+ 25. Kg2 Nxe4) 22. Nxe5 $1 $18 dxe5 23. Bxe5 {[%emt 0:00:04] This bishop pair is nice.} Ncd7 24. Qb2 ({Not} 24. Bxc7 Ng4 $11) 24... Nxe5 25. Qxe5 Ng4 $2 {[%emt 0:00:13] [#]} (25... Bd7 $18) 26. Qe8+ {[%emt 0:00:06] Weighted Error Value: White=0.08 (flawless) /Black=0.68} 1-0

[Event "24th Hoogeschool Zeeland 2022"]
[Site "Vlissingen"]
[Date "2022.08.06"]
[Round "1.19"]
[White "Kalma, Jildo"]
[Black "Grochal, Joey"]
[Result "0-1"]
[ECO "A47"]
[WhiteElo "1826"]
[BlackElo "2290"]
[Annotator "RC"]
[PlyCount "100"]
[EventDate "2022.08.05"]
[EventType "swiss"]
[EventCountry "NED"]
[SourceTitle "playchess.com"]
[Source "ChessBase"]
[SourceQuality "1"]
[TimeControl "40/5400+30:1800+30"]

1. d4 Nf6 2. Nf3 e6 3. e3 b6 4. Bd3 Bb7 5. Nbd2 c5 6. O-O Nc6 7. a3 Qc7 8. b3 d5 9. Bb2 Bd6 10. Re1 Rd8 11. Ra2 e5 12. dxe5 Nxe5 13. Nxe5 Bxe5 14. Bb5+ Nd7 15. Bxe5 Qxe5 16. Qa1 O-O 17. Qxe5 Nxe5 18. Be2 Rfe8 19. Raa1 f5 20. Nf3 Ng6 21. Bd3 Rf8 22. h4 Rde8 23. Bb5 Re4 24. Bd3 Re6 25. Ng5 Ref6 26. g3 Ne5 27. Be2 g6 28. Red1 Rd6 29. Nf3 Nf7 30. Rd2 h6 31. Rad1 Rfd8 32. b4 Kg7 33. b5 g5 34. a4 d4 35. exd4 Bxf3 36. Bxf3 Rxd4 37. Rxd4 Rxd4 38. Rxd4 cxd4 39. hxg5 hxg5 40. Bd5 Ne5 41. f3 Kf6 42. Kf2 f4 43. g4 Ke7 44. Ke2 Kd6 45. Be4 Kc5 46. Kd2 Nc4+ 47. Kc1 Kb4 48. Bd5 Ne3 49. Bc6 Kc3 50. Be4 Nc4 0-1

[Event "24th Hoogeschool Zeeland 2022"]
[Site "Vlissingen"]
[Date "2022.08.06"]
[Round "1.20"]
[White "Bezemer, Arno"]
[Black "Bleeker, Kasper"]
[Result "1/2-1/2"]
[ECO "B51"]
[WhiteElo "2278"]
[BlackElo "1823"]
[Annotator "RC"]
[PlyCount "49"]
[EventDate "2022.08.05"]
[EventType "swiss"]
[EventCountry "NED"]
[SourceTitle "playchess.com"]
[Source "ChessBase"]
[SourceQuality "1"]
[TimeControl "40/5400+30:1800+30"]

1. e4 c5 2. Nf3 d6 3. Bb5+ Nd7 4. Ba4 a6 5. c4 e6 6. O-O Ngf6 7. Nc3 Be7 8. d3 O-O 9. a3 Nb6 10. Bc2 d5 11. cxd5 exd5 12. e5 Ne8 13. d4 Bg4 14. dxc5 Bxc5 15. b4 Be7 16. Be3 Qc7 17. Rc1 Rd8 18. Qd4 Bxf3 19. Qxb6 Qxe5 20. gxf3 d4 21. f4 Qf6 22. Qxf6 Nxf6 23. Ne4 dxe3 24. fxe3 Ng4 25. Rfe1 1/2-1/2

[Event "24th Hoogeschool Zeeland 2022"]
[Site "Vlissingen"]
[Date "2022.08.06"]
[Round "1.21"]
[White "Molenaar, Toine"]
[Black "Ollenberger, Roland"]
[Result "0-1"]
[ECO "E08"]
[WhiteElo "1823"]
[BlackElo "2264"]
[Annotator "RC"]
[PlyCount "120"]
[EventDate "2022.08.05"]
[EventType "swiss"]
[EventCountry "NED"]
[SourceTitle "playchess.com"]
[Source "ChessBase"]
[SourceQuality "1"]
[TimeControl "40/5400+30:1800+30"]

1. d4 Nf6 2. c4 e6 3. Nf3 Bb4+ 4. Bd2 Be7 5. g3 O-O 6. Bg2 d5 7. O-O Ne4 8. Bf4 c6 9. Nbd2 f5 10. Qc2 Nd7 11. Ne5 Bf6 12. Ndf3 g5 13. Nxd7 Bxd7 14. Be5 Be7 15. Rad1 Be8 16. Nd2 Nd6 17. cxd5 cxd5 18. Rc1 Bb5 19. Rfe1 Rc8 20. Qb3 Qd7 21. e3 Ba4 22. Qd3 Nf7 23. Bf1 a6 24. Nb3 Bb5 25. Qd2 Bxf1 26. Rxf1 Rc4 27. a3 Rfc8 28. Na5 Nxe5 29. dxe5 Rxc1 30. Rxc1 Kf7 31. Nb3 Bd8 32. Qd1 g4 33. Qd4 Rxc1+ 34. Nxc1 Qc6 35. Nd3 Be7 36. Kg2 Qc4 37. h3 h5 38. Nf4 gxh3+ 39. Nxh3 Bc5 40. Qd1 Qe4+ 41. Kg1 Qg4 42. Qxg4 hxg4 43. Nf4 d4 44. Nd3 Ba7 45. exd4 Bxd4 46. Kg2 Ke7 47. f3 gxf3+ 48. Kxf3 Kd7 49. b3 Kc6 50. Nf4 Bxe5 51. Nxe6 Kd5 52. Nd8 Bc7 53. Nf7 Kd4 54. Nh6 Kc3 55. Nxf5 Kxb3 56. Ke4 Kxa3 57. Kd5 Kb4 58. g4 a5 59. g5 Bd8 60. g6 Bf6 0-1

[Event "24th Hoogeschool Zeeland 2022"]
[Site "Vlissingen"]
[Date "2022.08.06"]
[Round "1.22"]
[White "Lammens, Tim"]
[Black "Van de Poel, Taco"]
[Result "1-0"]
[ECO "A05"]
[WhiteElo "2255"]
[BlackElo "1818"]
[Annotator "TA"]
[PlyCount "43"]
[EventDate "2022.08.05"]
[EventType "swiss"]
[EventCountry "NED"]
[SourceTitle "playchess.com"]
[Source "ChessBase"]
[SourceQuality "1"]
[TimeControl "40/5400+30:1800+30"]

1. Nf3 Nf6 2. g3 b5 3. Bg2 Bb7 4. b3 d5 5. O-O Nbd7 {[%emt 0:00:36] [#]} 6. c4 $146 {[%emt 0:00:59] A05: Réti Opening: 1 Nf3 Nf6.} ({Predecessor:} 6. Bb2 c5 7. c4 bxc4 8. bxc4 d4 9. d3 e5 10. Nbd2 Bd6 11. e4 O-O 12. Rb1 {0-1 (43) Szymczak,Z-Vaganian,R (2570) Kirovakan 1978}) 6... bxc4 7. bxc4 e6 8. cxd5 {[%emt 0:04:32] White is slightly better.} exd5 9. Nc3 c5 (9... Be7 $14) 10. Rb1 $16 Bc6 11. d4 Rb8 12. Bf4 Rxb1 13. Qxb1 Be7 14. Ne5 $1 Ba8 15. Nxd7 Nxd7 16. dxc5 ({Much less strong is} 16. Bxd5 cxd4 17. Nb5 O-O $16) 16... Bxc5 17. Nxd5 {[%emt 0:02:15] Nc7+ is the strong threat.} O-O 18. Rd1 {[%emt 0:00:51] And now Qb5 would win.} Qa5 {[%emt 0:04:28] [#] Inhibits Qb5.} (18... Nb6 {is a better defense.} 19. Nc7 Qe7) 19. Qf5 $1 $18 Nb6 $2 {[%emt 0:12:16] [#]} (19... Bxd5 20. Bxd5 (20. Qxd5 Nf6 $16) 20... Nf6) 20. Be4 (20. Nf6+ $142 $1 gxf6 21. Qg4+ Kh8 22. Bh6 Qe1+ 23. Rxe1) 20... g6 21. Nf6+ ({Not} 21. Ne7+ Kg7 22. Qe5+ f6 $14) 21... Kh8 22. Qe5 {[%emt 0:05:10] Black did not feel at home in the position after the opening.  Weighted Error Value: White=0.23 (precise) /Black=0.22 (precise)} 1-0

[Event "24th Hoogeschool Zeeland 2022"]
[Site "Vlissingen"]
[Date "2022.08.06"]
[Round "1.23"]
[White "Verweij, David"]
[Black "Van Baar, Esper"]
[Result "0-1"]
[ECO "A05"]
[WhiteElo "1842"]
[BlackElo "2281"]
[Annotator "RC"]
[PlyCount "112"]
[EventDate "2022.08.05"]
[EventType "swiss"]
[EventCountry "NED"]
[SourceTitle "playchess.com"]
[Source "ChessBase"]
[SourceQuality "1"]
[TimeControl "40/5400+30:1800+30"]

1. Nf3 Nf6 2. g3 b5 3. Bg2 Bb7 4. d3 c5 5. Nbd2 e5 6. a4 a6 7. c3 d6 8. axb5 axb5 9. Rxa8 Bxa8 10. Qb3 Bc6 11. Ng5 d5 12. c4 bxc4 13. dxc4 d4 14. Bxc6+ Nxc6 15. Qb7 Qd7 16. Qa8+ Nd8 17. Ndf3 Bd6 18. Ne4 Nxe4 19. Qxe4 f5 20. Qd5 e4 21. Nh4 g6 22. Bg5 Qe6 23. Qa8 O-O 24. Qa6 Nf7 25. Bd2 Qc8 26. Qa2 Qa8 27. Qxa8 Rxa8 28. O-O Rb8 29. Rb1 Ne5 30. Bf4 Nxc4 31. Rc1 Bxf4 32. gxf4 Nxb2 33. Rxc5 Rd8 34. Rc2 d3 35. exd3 exd3 36. Rxb2 d2 37. Rxd2 Rxd2 38. Kg2 Rd4 39. Kf3 Rd3+ 40. Kg2 Kg7 41. Nf3 Ra3 42. Ng5 h6 43. Nf3 Kf6 44. h4 Ra4 45. Kg3 Re4 46. Nd2 Rd4 47. Nf3 Ra4 48. Nd2 Ke6 49. Nf3 Kd5 50. Ne5 g5 51. Ng6 g4 52. f3 Ra3 53. Ne5 Re3 54. h5 Rxf3+ 55. Nxf3 gxf3 56. Kxf3 Kd4 0-1